 Dungeon Crawl Stone Soup version 0.17.1-2-g5865329 (webtiles) character file.

338 morkil the Grave Robber (level 6, -1/76 HPs)
             Began as a Deep Dwarf Necromancer on Feb 5, 2016.
             Succumbed to an orc wizard's poison
             ... on level 4 of the Dungeon.
             The game lasted 00:12:56 (2715 turns).

morkil the Grave Robber (Deep Dwarf Necromancer)    Turns: 2715, Time: 00:12:56

Health: -1/76      AC: 23    Str: 12    XL:     6   Next: 29%
Magic:  10/10      EV:  2    Int: 17    God:
Gold:   134        SH:  0    Dex: 18    Spells: 3 memorised, 3 levels left

rFire  . . .     SeeInvis .     s - +0 long sword (curse)
rCold  . . .     Clarity  .     (armour currently unavailable)
rNeg   + + +     SustAt   .     (no shield)
rPois  +         Gourm    .     (helmet currently unavailable)
rElec  .         Spirit   .     (cloak currently unavailable)
rCorr  .         Warding  .     (gloves currently unavailable)
rMut   .         NoTele   +     (boots currently unavailable)
MR     .....                    (no amulet)
Stlth  ++++......               (no ring)
                                (no ring)

@: agile, lethally poisoned (-1 -> -7), tree-form, non-regenerating, not
resistant to hostile enchantments, stealthy
A: damage resistance, recharge devices, sense surroundings 1, slow regeneration
3
a: Device Recharging


You were on level 4 of the Dungeon.
You were not hungry.
You were a tree.
You visited 1 branch of the dungeon, and saw 4 of its levels.

You collected 134 gold pieces.

Inventory:

Hand Weapons
 n - a +0 rapier
 s - a cursed +0 long sword (weapon)
Armour
 a - a +0 robe (melded)
 m - a +1 cloak (melded)
Wands
 c - a wand of heal wounds (1)
 k - a wand of digging (15)
Scrolls
 h - a scroll of identify
 l - a scroll of teleportation
Potions
 e - a potion of brilliance {unknown}
 p - a potion of ambrosia
Books
 b - a book of Necromancy

   Spells                             Type                      Level
   a - Pain                           Necromancy                   1
   b - Animate Skeleton               Necromancy                   1
   c - Vampiric Draining              Necromancy                   3
   d - Regeneration                   Charms/Necromancy            3
   e - Animate Dead                   Necromancy                   4
   f - Control Undead                 Necromancy                   4
Comestibles
 d - 3 bread rations
 g - a meat ration


   Skills:
 + Level 1.3 Fighting
 + Level 0.5(0.9) Short Blades
 + Level 1.2(1.3) Long Blades
 + Level 3.8 Dodging
 + Level 2.7 Stealth
 + Level 3.1 Spellcasting
 + Level 5.9 Necromancy
 + Level 1.0 Evocations


You had 3 spell levels left.
You knew the following spells:

 Your Spells              Type           Power        Failure   Level  Hunger
a - Pain                  Necr           ###.         1%          1    None
b - Vampiric Draining     Necr           ###.......   6%          3    ###....
c - Control Undead        Necr           ###.......   17%         4    ####...


Dungeon Overview and Level Annotations

Branches:
Dungeon (4/15)
 Temple: D:4-7

Altars:
Ashenzari
Makhleb
Nemelex Xobeh


Innate Abilities, Weirdness & Mutations

You are resistant to damage.
You can recharge devices by infusing magical energy.
You passively map a small area around you.
You do not regenerate naturally.


Message History

The magic dart hits you!
* * * LOW HITPOINT WARNING * * *
Drink which item? (? for menu, Esc to quit)
It was a potion of lignification.
You turn into a tree.
Your +1 cloak melds into your body.
Your +0 robe melds into your body.
Your roots penetrate the ground.
* * * LOW HITPOINT WARNING * * *
You feel very sick.
The orc priest hits you but does no damage.
You hear some strange, mumbled words.
A puff of flame appears from out of thin air!
The puff of flame hits you!
* * * LOW HITPOINT WARNING * * *
You feel sick.
The orc priest hits you but does no damage.
Something hits you but does no damage.
Drink which item? (? for menu, Esc to quit)
It was a potion of agility.
You feel agile all of a sudden.
You die...

* , #.# ....... #..,
........ ***#. #..
*#.......### #.#
#..####.......#.. ...
*....##..... ,#.#*
#.. #.#{##...,
#.####..
#.#o##.#######.##....
#†.{♣........#.##.##.
###.###.####.#(##.##<
#.###.##...........
#........#.##.#.###
#####.#..#.##.#.#
#.#..#......#
#..)....#.###
####.####.# #.. ..#


You could see an orc priest.

Vanquished Creatures
  Grinder (D:4)
  An orc priest (D:4)
  4 adders
  3 oozes (D:1)
  4 worms
  A giant gecko (D:2)
  6 orcs
  A giant cockroach (D:2)
  2 goblins
  3 hobgoblins
  5 jackals (D:1)
  2 kobolds
  5 quokkas
  8 bats
  A giant newt (D:2)
  4 rats
51 creatures vanquished.

Notes
Turn   | Place    | Note
--------------------------------------------------------------
     0 | D:1      | morkil the Deep Dwarf Necromancer began the quest for the Orb.
     0 | D:1      | Reached XP level 1. HP: 15/15 MP: 3/3
    33 | D:1      | Found a sparkling altar of Nemelex Xobeh.
   128 | D:1      | Reached XP level 2. HP: 20/22 MP: 2/4
   488 | D:1      | Reached skill level 5 in Necromancy
   626 | D:1      | Reached XP level 3. HP: 20/28 MP: 1/6
   912 | D:2      | Learned a level 3 spell: Vampiric Draining
   931 | D:2      | Found a shattered altar of Ashenzari.
  1554 | D:3      | Reached XP level 4. HP: 30/36 MP: 7/7
  1630 | D:3      | Found a sparkling altar of Nemelex Xobeh.
  1759 | D:2      | Learned a level 4 spell: Control Undead
  2375 | D:3      | Found a burning altar of Makhleb.
  2529 | D:4      | Noticed Grinder
  2532 | D:4      | Paralysed by Grinder for 3 turns
  2554 | D:4      | Paralysed by Grinder for 4 turns
  2575 | D:4      | Killed Grinder
  2575 | D:4      | Reached skill level 1 in Fighting
  2575 | D:4      | Reached skill level 1 in Long Blades
  2575 | D:4      | Reached skill level 1 in Evocations
  2575 | D:4      | Reached XP level 5. HP: 22/44 MP: 9/9
  2575 | D:4      | Reached XP level 6. HP: 25/51 MP: 10/10
  2706 | D:4      | HP: 1/51 [orc priest/flail (7)]
  2713 | D:4      | HP: 3/76 [poisoned by an orc wizard]
  2714 | D:4      | HP: 1/76 [poisoned by an orc wizard]
  2715 | D:4      | Succumbed to an orc wizard's poison

Action                   |  1- 3 |  4- 6 || total
-------------------------+-------+-------++-------
Melee: Unarmed           |    26 |       ||    26
       Rapier            |    27 |    40 ||    67
       Long sword        |       |    36 ||    36
 Cast: Pain              |    52 |     1 ||    53
       Vampiric Draining |     7 |    14 ||    21
Evoke: Wand              |       |     4 ||     4
  Use: Scroll            |     5 |     1 ||     6
       Potion            |       |     5 ||     5
 Stab: Sleeping          |     2 |       ||     2
  Eat: Chunk             |     4 |     4 ||     8
       Beef jerky        |       |     1 ||     1
